hackem, neutral male human Barbarian ------- ###[#######......| ##% |.....| --------.-..- +..^..| --------- |`.....x...`| |>.....%# +....<..| |.....`.....| ------- ###|.......| |. -..--...| ###-.......| |.....{.|...| ## --------- |..`|{@{|`..| |.. |.{.|...+ | -----...| ...| ...`| ------ hackem the Bandit Experience level: 7 Strength: 18 Dexterity: 17 Constitution: 16 Intelligence: 8 Wisdom: 8 Charisma: 7 Health: 44(55) Energy: 17(17) AC: 7 Gold: 41 Moves: 2940 Your Inventory: Coins $ - 41 gold pieces Amulets F - an [uncursed] elliptic amulet [versus poison] Weapons a - an uncursed +0 battle-axe (weapon in hands) b - an uncursed +0 short sword (alternate weapon; not wielded) f - a [cursed +0] orcish dagger Armor c - an uncursed +0 ring mail (being worn) Comestibles g - an [uncursed] carrot G - an [uncursed] lizard corpse Scrolls e - an [uncursed] scroll labeled ETAOIN SHRDLU [of food detection] w - an [uncursed] scroll labeled ELBIB YLOH [of light] x - an [uncursed] unlabeled scroll [of blank paper] y - a [cursed] scroll labeled VELOX NEB [of charging] z - an [uncursed] scroll labeled FNORD [of remove curse] C - an [uncursed] scroll labeled ANDOVA BEGARIN [of teleportation] D - an [uncursed] scroll labeled PRIRUTSENIE [of create monster] E - an [uncursed] scroll labeled EIRIS SAZUN IDISI [of fire] I - an [uncursed] scroll labeled HAPAX LEGOMENON [of identify] Potions h - an [uncursed] brown potion [of gain level] j - a [cursed] black potion [of healing] B - an [uncursed] clear potion [of water] H - a [blessed] magenta potion [of paralysis] Rings k - an [uncursed] ring of stealth named nc (on right hand) l - an [uncursed] ring of invisibility named nc (on left hand) m - an [uncursed] emerald ring named nc [of searching] n - an [uncursed] iron ring named nc [of protection from shape changers] o - a [blessed +2] glass ring named nc [of gain constitution] r - an [uncursed] ivory ring named nc [of polymorph control] Gems i - an [uncursed] yellow gem [chrysoberyl] Spells known in the end: Name Level Category Fail Memory Your skills at the end: Fighting Skills bare handed combat [Basic / Master] Weapon Skills axe [Basic / Expert] short sword [Basic / Expert] Spellcasting Skills Final Attributes: You were piously aligned. Hunger level was 927. Your alignment was 24 / 24. Monster difficulty range was 1 - 7. Level difficulty was 7. You were immune to poison. You were invisible. You were stealthy. You were fast. Your luck was zero. You survived. Vanquished creatures: an orc mummy a lizard a housecat a dwarf lord a snake 3 apes an enormous rat a yellow light a giant ant a homunculus 6 hill orcs a rothe 2 giant bats an iguana 3 killer bees an acid blob a coyote 2 manes 4 giant rats 4 geckos 3 jackals a kobold a goblin 5 sewer rats 3 grid bugs 4 lichens 6 newts 60 creatures vanquished. Voluntary challenges: You were illiterate. You used a wielded weapon 60 times. You put on armor 1 time. You never genocided any monsters. You never polymorphed an object. You never changed form. You used no wishes. You never wrote Elbereth's name. You never encountered a bones level. You never used any Sokoban shortcuts. Dungeon overview: The Dungeons of Doom: levels 1 to 8 Level 1 a long staircase Level 2 a jewelry store, some fountains Level 3 a fountain stairs to The Gnomish Mines Level 4 an altar Level 5 a fountain Level 6 a fountain, a sink Level 7 <- You were here many fountains The Gnomish Mines: Level 4 stairs to The Dungeons of Doom History has recorded: On T:1 you entered the Dungeons of Doom to retrieve the Amulet of Yendor! On T:349 you reached level 2 of The Dungeons of Doom. On T:428 you advanced to experience level 2. On T:858 you advanced to experience level 3. On T:1402 you advanced to experience level 4. On T:1418 you reached level 3 of The Dungeons of Doom. On T:1466 you reached level 1 of The Gnomish Mines. On T:1704 you reached level 4 of The Dungeons of Doom. On T:1760 you reached level 5 of The Dungeons of Doom. On T:2176 you advanced to experience level 5. On T:2299 you reached level 6 of The Dungeons of Doom. On T:2390 you advanced to experience level 6. On T:2794 you advanced to experience level 7. On T:2900 you reached level 7 of The Dungeons of Doom. On T:2917 you reached level 8 of The Dungeons of Doom. On T:2939 you received advice from The Oracle. Latest messages: This door is locked. You hear a distant squeak. You kill the iguana! You see here an iguana corpse. I - a scroll labeled HAPAX LEGOMENON. You hear crashing rock. Pick an object. A peaceful black naga hatchling on a doorway. You hear a distant squeak. Suddenly, the black naga hatchling disappears out of sight. You smite the dwarf lord! The dwarf lord swings his pick-axe. The dwarf lord hits! The dwarf lord swings his pick-axe. The dwarf lord hits! You kill the dwarf lord! The housecat bites! You kill the housecat! You see here a housecat corpse. "Hello, hackem, welcome to Delphi!" <"Wilt thou settle for a minor consultation?" (50 zorkmids) [ynq]: y> True to her word, the Oracle offhandedly says: "Don't mess with shopkeepers, or you'll get the Guild after you." <"Wilt thou settle for a minor consultation?" (50 zorkmids) [ynq]: n> <"Then dost thou desire a major one?" (850 zorkmids) [yn]: y> Final status: Goodbye hackem the Barbarian... You quit in The Dungeons of Doom on dungeon level 7 with 2833 points, and 41 pieces of gold, after 2940 moves. You were level 7 with a maximum of 55 hit points when you quit.